 Dungeon Crawl Stone Soup version 0.31.0-32-g396128a36d (webtiles) character file.

Game seed: 18045292074286252410

100 Arcadio the Apothecary (level 4, -3/30 HPs)
             Began as a Vampire Alchemist on Apr 8, 2024.
             Was an Initiate of Sif Muna.
             Slain by an orc
             ... wielding a +0 quarterstaff
              (6 damage)
             ... on level 3 of the Dungeon.
             The game lasted 00:05:09 (1976 turns).

Arcadio the Apothecary (Vampire Alchemist)          Turns: 1976, Time: 00:05:10

Health: -3/30      AC:  2    Str:  7    XL:     4   Next: 46%
Magic:  0/8        EV: 14    Int: 19    God:    Sif Muna [......]
Gold:   142        SH:  0    Dex: 20    Spells: 2/9 levels left

rFire   + . .        c - +0 short sword
rCold   + . .        (no shield)
rNeg    + . .        a - +0 robe
rPois   +            (no helmet)
rElec   +            (no cloak)
rCorr   +            (no gloves)
SInv    +            (no boots)
Will    .....        (no amulet)
Stlth   +++          p - +6 ring of dexterity
HPRegen 0.45/turn    q - ring of positive energy
MPRegen 0.11/turn

%: no passive effects
@: resistant, very slightly contaminated, healing quickly
A: alive, fangs 3, see invisible, vampiric 2
a: Exsanguinate, Renounce Religion


You were on level 3 of the Dungeon.
You worshipped Sif Muna.
Sif Muna was noncommittal.
You visited 1 branch of the dungeon, and saw 3 of its levels.

You collected 142 gold pieces.

Inventory:

Hand Weapons
 c - a +0 short sword (weapon)
Armour
 a - a +0 robe (worn)
 k - a +0 ring mail
Jewellery
 h - an amulet of guardian spirit
 p - a +6 ring of dexterity (left hand)
 q - a ring of positive energy (right hand)
Talismans
 o - a maw talisman
Scrolls
 e - 2 scrolls of fear {unknown}
 g - a scroll of poison {unknown}
 m - 2 scrolls of identify {unknown}
Potions
 b - a potion of magic
 d - a potion of might {unknown}
 f - a potion of resistance
 i - 2 potions of curing {unknown}
 j - a potion of heal wounds {unknown}
 l - a potion of enlightenment {unknown}
 n - a potion of brilliance {unknown}


   Skills:
 + Level 3.5 Dodging
 - Level 3.0 Stealth
 + Level 3.0 Spellcasting
 - Level 0.6 Conjurations
 + Level 4.2 Alchemy


You had 2 spell levels left.
You knew the following spells:

 Your Spells              Type           Power      Damage    Failure   Level
a - Sting                 Conj/Alch      48%        1d6       5%          1
b - Mercury Vapours       Alch/Air       20%        N/A       10%         2
c - Olgreb's Toxic Radia  Alch           19%        N/A       26%         4

Your spell library contained the following spells:

 Spells                   Type           Power      Damage    Failure   Level
 Sandblast                Erth           4%         2d4       16%         1
 Sublimation of Blood     Necr           2%         N/A       22%         2
 Mephitic Cloud           Conj/Alch/Air  9%         N/A       24%         3
 Petrify                  Alch/Erth      10%        N/A       54%         4
 Sticky Flame             Fire/Alch      10%        2d5       54%         4
 Irradiate                Conj/Alch      6%         3d13      83%         5


Dungeon Overview and Level Annotations

Branches:
Dungeon (3/15)

Altars:
Sif Muna
Trog


Innate Abilities, Weirdness & Mutations

Your natural rate of healing is accelerated.
You have razor-sharp teeth.
You have supernaturally acute eyesight. (SInv)
You are afflicted with vampirism and can become a bat while bloodless.


Message History

The orc wizard is moderately wounded.
The orc wizard hits you with a +2 dagger of protection.
Unknown command.
You closely miss the orc wizard.
The orc wizard is heavily wounded.
The orc wizard misses you.
Casting: Sting (safe; 6% risk of failure)
Confirm with . or Enter, or press ? or * to list all spells.
Aiming: Sting (safe; 6% risk of failure)
Press: ? - help, Shift-Dir - straight line, f/p - orc wizard
Aim: an orc wizard, wielding a +2 dagger of protection and wearing a +2 robe of resistance (severely wounded, very poisoned, 64% to hit)
You miscast Sting.
Nothing appears to happen.
The orc misses you. The orc wizard misses you.
Unknown command.
You barely miss the orc wizard.
The orc wizard is severely wounded.
The orc hits you with a +0 quarterstaff.
The orc wizard gestures at you while chanting.
The magic dart hits you.
Casting: Sting (safe; 6% risk of failure)
Confirm with . or Enter, or press ? or * to list all spells.
Aiming: Sting (safe; 6% risk of failure)
Press: ? - help, Shift-Dir - straight line, f/p - orc wizard
Aim: an orc wizard, wielding a +2 dagger of protection and wearing a +2 robe of resistance (severely wounded, very poisoned, 64% to hit)
The sting hits the orc wizard.
The orc wizard looks as sick as possible!
The orc wizard is almost dead.
The orc barely misses you. The orc wizard casts a spell at you.
The magic dart hits you!
You kill the orc wizard!
Sif Muna accepts your kill. The orc attacks as it pursues you!
The orc hits you with a +0 quarterstaff.
* * * LOW HITPOINT WARNING * * *
Your Spellcasting skill increases to level 3!
It was a potion of resistance.
You feel protected.
The orc hits you with a +0 quarterstaff.
You die...

#.. #.) #... ##### #....
#...######
#....#########.#.#....#
#.........##...#...##.#
#.......##.#####.##.#
#...)o@.##.....#)##.#
#.......######.####.#
#.......######......#
.........)........>#..#
###.......########.#..###
######### #....#..
#.##...# #.####.#
#.##...#


You could see an orc.

Vanquished Creatures
  An orc wizard (D:3)
  A gnoll (D:3)
  A white imp (D:3)
  A ribbon worm (D:2)
  2 dart slugs (D:1)
  An orc (D:3)
  5 endoplasms
  4 giant cockroaches
  4 goblins
  8 hobgoblins
  2 quokkas (D:2)
  4 bats
  3 frilled lizards
  3 kobolds
  10 rats
50 creatures vanquished.

Notes
Turn   | Place    | Note
-------+----------+-------------------------------------------
     0 | D:1      | Arcadio the Vampire Alchemist began the quest for the Orb.
     0 | D:1      | Reached XP level 1. HP: 13/13 MP: 3/3
   191 | D:1      | Reached XP level 2. HP: 17/19 MP: 5/5
   529 | D:1      | Learned a level 2 spell: Mercury Vapours
   811 | D:1      | Gained mutation: You are afflicted with vampirism and can
                  | become a bat while bloodless. [Vampire growth]
   811 | D:1      | Reached XP level 3. HP: 22/24 MP: 6/6
   996 | D:2      | Found a faded altar of an unknown god.
  1719 | D:3      | Reached skill level 4 in Alchemy
  1768 | D:3      | Found a bloodstained altar of Trog.
  1794 | D:3      | Reached XP level 4. HP: 30/30 MP: 3/8
  1799 | D:3      | Learned a level 4 spell: Olgreb's Toxic Radiance
  1841 | D:3      | Found a shimmering blue altar of Sif Muna.
  1845 | D:3      | Got Sif Muna's Directory of the Neverending Dreams
  1847 | D:3      | Became a worshipper of Sif Muna the Loreminder
  1976 | D:3      | Slain by an orc

Illustrated notes

Levels and vault maps discovered:
D:1:      dpeg_arrival_simpleton_b, layout_basic, minmay_rat_gold_closets
D:2:      layout_basic, basic_ecumenical_altar
D:3:      layout_basic, nzn_overflow_gifts_of_might_and_magic,
          nicolae_ru_sacrificial_ziggurat, serial_undead, serial_undead_f,
          serial_undead_e, serial_undead_f, serial_undead_c, uniq_grinder

Skill      XL: |  1  2  3  4 |
---------------+-------------+-----
Dodging        | 3 |  3.5
Alchemy        | 4 |  4.2
Spellcasting   | 3 |  3.0
Stealth        | |  3.0
Conjurations   | |  0.6

Action                     |  1- 3 |  4- 6 || total
---------------------------+-------+-------++-------
  Melee: Short sword       |    58 |     6 ||    64
         Bite              |     2 |     1 ||     3
         Punch             |     2 |       ||     2
   Cast: Sting             |    56 |     9 ||    65
         Mercury Vapours   |       |     1 ||     1
    Use: Potion            |       |     1 ||     1
   Stab: Sleeping          |     9 |       ||     9
 Armour: Robe              |    17 |     9 ||    26
  Dodge: Dodged            |    35 |     5 ||    40
